 Dungeon Crawl Stone Soup version 0.31-a0-765-g67fe2935dc (webtiles) character file.

Game seed: 17694987209098211325

629 Wilter the Magician (level 7, -10/32 HPs)
             Began as a Spriggan Fire Elementalist on Sept 15, 2023.
             Mangled by an ogre
             ... wielding a +0 giant club
              (22 damage)
             ... on level 5 of the Dungeon.
             The game lasted 00:32:39 (5023 turns).

Wilter the Magician (Spriggan Fire Elementalist)    Turns: 5023, Time: 00:32:40

Health: -10/32     AC:  3    Str:  4    XL:     7   Next: 23%
Magic:  2/17       EV: 18    Int: 18    God:
Gold:   156        SH:  0    Dex: 16    Spells: 10/18 levels left

rFire   + . .        b - +4 quarterstaff (chaos)
rCold   . . .        (shield currently unavailable)
rNeg    + . .        a - +0 robe
rPois   .            (helmet restricted)
rElec   .            m - +0 cloak
rCorr   .            (gloves unavailable)
SInv    +            (boots unavailable)
Will    +....        (no amulet)
Stlth   +++          l - ring of protection from fire
HPRegen 0.25/turn    q - ring of positive energy
MPRegen 0.15/turn

%: no passive effects
@: very slightly contaminated, very quick
A: very small, no large weapons, unfitting armour, see invisible, speed 3,
talons 1
a: no special abilities


You were on level 5 of the Dungeon.
You visited 1 branch of the dungeon, and saw 5 of its levels.

You collected 316 gold pieces.
You spent 160 gold pieces at shops.

Inventory:

Hand Weapons
 b - a +4 quarterstaff of chaos (weapon)
 e - a +0 short sword
Missiles
 C - 2 throwing nets
Armour
 a - a +0 robe (worn)
 k - a +0 robe
 m - a +0 cloak (worn)
Jewellery
 l - a ring of protection from fire (left hand)
 q - a ring of positive energy (right hand)
Talismans
 x - a granite talisman
Wands
 v - a wand of digging (3)
Scrolls
 c - 3 scrolls of vulnerability {unknown}
 d - 9 scrolls of identify {unknown}
 i - a scroll of brand weapon {unknown}
 p - 2 scrolls of immolation {unknown}
 r - 2 scrolls of enchant armour {unknown}
 s - a scroll of summoning {unknown}
 t - 2 scrolls of teleportation {unknown}
 u - a scroll of amnesia {unknown}
 w - a scroll of noise {unknown}
 y - a scroll of poison {unknown}
 z - a scroll of blinking {unknown}
 D - a scroll of fog {unknown}
Potions
 f - a potion of mutation
 g - a potion of berserk rage {unknown}
 h - a potion of lignification {unknown}
 j - a potion of haste {unknown}
 n - 2 potions of resistance {unknown}
 o - a potion of heal wounds {unknown}
 A - a potion of might {unknown}
 B - a potion of attraction {unknown}


   Skills:
 + Level 0.3 Fighting
 + Level 0.7 Staves
 + Level 3.6 Dodging
 + Level 4.1 Stealth
 + Level 6.0 Spellcasting
 + Level 2.6 Conjurations
 + Level 4.2 Fire Magic


You had 10 spell levels left.
You knew the following spells:

 Your Spells              Type           Power      Damage    Failure   Level
a - Foxfire               Conj/Fire      68%        2x1d7     3%          1
b - Flame Wave            Conj/Fire      17%        2d7       28%         4
c - Gell's Gravitas       Tloc           5%         N/A       34%         3

Your spell library contained the following spells:

 Spells                   Type           Power      Damage    Failure   Level
 Scorch                   Fire           40%        2d6       3%          2
 Inner Flame              Hex/Fire       13%        N/A       16%         3
 Volatile Blastmotes      Fire/Tloc      26%        2d12      16%         3
 Ensorcelled Hibernation  Hex/Ice        10%        N/A       19%         2
 Jinxbite                 Hex            10%        N/A       19%         2
 Teleport Other           Tloc           5%         N/A       34%         3
 Anguish                  Hex/Necr       2%         N/A       75%         4
 Dispersal                Tloc           2%         N/A       100%        6


Dungeon Overview and Level Annotations

Branches:
Dungeon (5/15)
 Temple: D:4-7

Altars:
Hepliaklqana
Uskayaw

Shops:
D:3 !:*


Innate Abilities, Weirdness & Mutations

You are very small and have problems with some larger weapons.
You are too small for most types of armour.
You have supernaturally acute eyesight. (SInv)
You cover ground extremely quickly. (Speed+++)
You have sharp toenails.


Message History

You miscast Flame Wave.
Nothing appears to happen.
Casting: Flame Wave (extremely dangerous; 28% risk of failure)
Confirm with . or Enter, or press ? or * to list all spells.
Casting: Flame Wave (extremely dangerous; 28% risk of failure)
Press: ? - help, Dir - look around, f - activate A wave of flame ripples out!
The flame wave engulfs the ogre!
The ogre is moderately wounded. (Press . to intensify the flame waves.)
You hear a bark!
You hear a shout!
The ogre completely misses you.
You hear a bark!
You hear a bark! x2
The ogre barely misses you.
A sleepcap comes into view.
A jackal comes into view.
A jackal comes into view.
A jelly comes into view.
The ogre hits you with a +0 giant club!
You sock the jackal!
You kill the jackal!
Your Spellcasting skill increases to level 6!
The jackal bites you but does no damage.
The ogre attacks as it pursues you! The ogre closely misses you.
Casting: Flame Wave (extremely dangerous; 28% risk of failure)
Confirm with . or Enter, or press ? or * to list all spells.
Casting: Flame Wave (extremely dangerous; 28% risk of failure)
Press: ? - help, Dir - look around, f - activate A wave of flame ripples out!
The flame wave engulfs the ogre!
The ogre is heavily wounded.
The flame wave engulfs the jackal!
You kill the jackal! (Press . to intensify the flame waves.)
You hear a bark!
A jackal comes into view.
An orc comes into view. It is wielding a +0 flail.
The orc shouts!
The jelly hits you but does no damage.
The ogre hits you with a +0 giant club!!
Ouch! That really hurt!
You die...

#.. # . .
#...###..### #.##
#.#........
#...## #.#.... ..
#...####...# ..#
#..##...# ..#
#.....## #..##
#.....####....#
#<.....##@†##..##
#####..fO.Jh.....
#######o##### .#
#


You could see an ogre, a sleepcap, a jelly, an orc and a jackal.

Vanquished Creatures
  A golden eye (D:2)
  A black bear (D:4)
  An ogre (D:4)
  2 scorpions (D:4)
  Crazy Yiuf (D:2)
  2 orc wizards (D:4)
  5 adders
  A dart slug (D:1)
  6 orcs (D:4)
  9 ball pythons
  8 endoplasms
  A giant cockroach (D:1)
  10 goblins
  4 hobgoblins
  6 jackals
  6 kobolds
  2 quokkas (D:1)
  A bat (D:3)
  6 frilled lizards
  9 rats
82 creatures vanquished.

Vanquished Creatures (others)
  225 foxfires
225 creatures vanquished.

Grand Total: 307 creatures vanquished

Notes
Turn   | Place    | Note
-------+----------+-------------------------------------------
     0 | D:1      | Wilter the Spriggan Fire Elementalist began the quest for
                  | the Orb.
     0 | D:1      | Reached XP level 1. HP: 9/9 MP: 5/5
   248 | D:1      | Reached XP level 2. HP: 13/13 MP: 2/6
   705 | D:1      | Reached skill level 3 in Spellcasting
  1278 | D:2      | Reached XP level 3. HP: 16/16 MP: 6/8
  1348 | D:2      | Reached skill level 1 in Conjurations
  1365 | D:2      | Found a faded altar of an unknown god.
  1433 | D:2      | Found a runed translucent door.
  1434 | D:2      | Noticed Crazy Yiuf
  1512 | D:2      | Killed Crazy Yiuf
  1513 | D:2      | Reached XP level 4. HP: 21/21 MP: 4/10
  2100 | D:2      | a worm changed into a golden eye
  2100 | D:2      | Noticed a golden eye
  2284 | D:1      | Learned a level 4 spell: Flame Wave
  2445 | D:2      | Killed a golden eye
  2446 | D:2      | Reached skill level 4 in Spellcasting
  2446 | D:2      | Reached XP level 5. HP: 24/24 MP: 6/12
  2852 | D:3      | Found a hazy altar of Hepliaklqana.
  3164 | D:3      | Found Gifeux's General Store.
  3442 | D:3      | Found Cuffauz's Distillery.
  3452 | D:3      | Bought a potion of mutation for 80 gold pieces
  3452 | D:3      | Bought a potion of mutation for 80 gold pieces
  3453 | D:3      | Gained mutation: You are dopey. (Int -2) [potion of
                  | mutation]
  3453 | D:3      | Gained mutation: Your muscles are strong. (Str +4, Int/Dex
                  | -1) [potion of mutation]
  3453 | D:3      | Gained mutation: Your spells are a little harder to cast,
                  | but a little more powerful. [potion of mutation]
  3454 | D:3      | Lost mutation: Your spells are a little harder to cast, but
                  | a little more powerful. [potion of mutation]
  3454 | D:3      | Lost mutation: Your muscles are strong. (Str +4, Int/Dex
                  | -1) [potion of mutation]
  3454 | D:3      | Gained mutation: You have sharp fingernails. [potion of
                  | mutation]
  3454 | D:3      | Gained mutation: Your system is resistant to poisons.
                  | (rPois) [potion of mutation]
  3456 | D:3      | Lost mutation: You have sharp fingernails. [potion of
                  | mutation]
  3456 | D:3      | Lost mutation: You are dopey. (Int -2) [potion of mutation]
  3456 | D:3      | Lost mutation: Your system is resistant to poisons. (rPois)
                  | [potion of mutation]
  3456 | D:3      | Gained mutation: You have sharp toenails. [potion of
                  | mutation]
  3498 | D:3      | Found Sutiex's Book Emporium.
  3610 | D:4      | Noticed a black bear
  3641 | D:4      | Killed a black bear
  3642 | D:4      | Reached skill level 5 in Spellcasting
  3642 | D:4      | Reached XP level 6. HP: 9/28 MP: 6/14
  4081 | D:4      | Learned a level 3 spell: Gell's Gravitas
  4250 | D:4      | Reached XP level 7. HP: 31/32 MP: 7/16
  4840 | D:4      | Found a hide-covered altar of Uskayaw.
  4995 | D:5      | Entered Level 5 of the Dungeon
  5021 | D:5      | Reached skill level 6 in Spellcasting
  5023 | D:5      | Mangled by an ogre

Illustrated notes

Levels and vault maps discovered:
D:1:      mushboom_english_gardens, layout_basic
D:2:      kennysheep_six_static_rooms, layout_basic,
          ebering_ecumenical_altar_petrified, kennysheep_potato,
          uniq_crazy_yiuf_cottage
D:3:      layout_basic, lemuel_crystal_altar, serial_shops, shop,
          nicolae_shop_trees, shop, nicolae_half_adder
D:4:      layout_basic, mainiacjoe_overflow_alcove_2
D:5:      layout_rooms, grunt_temple_overflow_order_and_chaos_2,
          grunt_temple_overflow_open, palyth_stone_intersect

Skill      XL: |  1  2  3  4  5  6  7 |
---------------+----------------------+-----
Spellcasting   | 3 4 5 6 |  6.0
Fire Magic     | 3 4 |  4.2
Conjurations   | 1 2 |  2.6
Dodging        | 3 |  3.6
Stealth        | 4 |  4.1
Fighting       | |  0.3
Staves         | |  0.7

Action                     |  1- 3 |  4- 6 |  7- 9 || total
---------------------------+-------+-------+-------++-------
  Melee: Short sword       |    14 |       |       ||    14
         Quarterstaff      |       |     9 |     1 ||    10
   Cast: Foxfire           |    67 |    81 |    32 ||   180
         Flame Wave        |       |     1 |     2 ||     3
    Use: Potion            |     1 |     3 |       ||     4
 Armour: Robe              |     1 |    19 |     4 ||    24
  Dodge: Dodged            |     2 |    49 |     6 ||    57

Table legend: (Time is in decaauts)
 A = Elapsed time spent in this place.
 B = Non-inter-level travel time spent in this place.
 C = Inter-level travel time spent in this place.
 D = Time resting spent in this place.
 E = Time spent auto-exploring this place.
 F = Levels seen in this place.
 G = Mean time per level.
                   A        B        C        D        E       F      G
               +--------+--------+--------+--------+--------+-----+--------+
         Total |   3577 |   3577 |      0 |    264 |   1897 |   5 |  715.4 |
       Dungeon |   3577 |   3577 |      0 |    264 |   1897 |   5 |  715.4 |
               +--------+--------+--------+--------+--------+-----+--------+

Top non-repeatable levels by time:
     D:2: 1106 daAuts
     D:4: 1052 daAuts
     D:1: 916 daAuts
     D:3: 483 daAuts
     D:5: 19 daAuts
